 Dungeon Crawl Stone Soup version 0.27-a0-1191-g601b473118 (webtiles) character file.

Game seed: 8615968056829961575

243 siradein the Slasher (level 5, -12/45 HPs)
             Began as a Minotaur Fighter on May 24, 2021.
             Mangled by an ogre
             ... wielding a +0 giant spiked club
              (32 damage)
             ... on level 3 of the Dungeon.
             The game lasted 00:06:04 (3405 turns).

siradein the Slasher (Minotaur Fighter)             Turns: 3405, Time: 00:06:05

Health: -12/45     AC:  7    Str: 21    XL:     5   Next: 82%
Magic:  4/4        EV:  8    Int:  5    God:
Gold:   118        SH:  9    Dex: 10    Spells: 4/4 levels left

rFire    + . .     SeeInvis .   a - +0 long sword
rCold    . . .     Faith    .   c - +0 kite shield
rNeg     . . .     Spirit   .   e - +2 leather armour {rF+}
rPois    .         Reflect  .   o - +1 hat
rElec    .         Harm     .   i - +0 cloak
rCorr    .         Rampage  .   (no gloves)
Will     .....                  (no boots)
Stlth    +.........             (no amulet)
HPRegen  0.15/turn              (no ring)
MPRegen  0.09/turn              (no ring)

@: mighty
A: horns 2, retaliatory headbutt
a: no special abilities


You were on level 3 of the Dungeon.
You visited 1 branch of the dungeon, and saw 3 of its levels.

You collected 118 gold pieces.

Inventory:

Hand Weapons
 a - a +0 long sword (weapon)
Armour
 c - a +0 kite shield (worn)
 e - a +2 leather armour of fire resistance (worn)
 i - a +0 cloak (worn)
 o - a +1 hat (worn)
Scrolls
 b - 3 scrolls of teleportation {unknown}
 g - 2 scrolls of amnesia {unknown}
 h - a scroll of blinking {unknown}
 j - a scroll of enchant weapon {unknown}
 p - a scroll of magic mapping {unknown}
Potions
 f - 2 potions of magic {unknown}
 k - a potion of haste {unknown}
 l - 2 potions of curing {unknown}
 m - a potion of resistance {unknown}
 n - a potion of cancellation {unknown}


   Skills:
 - Level 3.6 Fighting
 + Level 7.5 Long Blades
 - Level 3.6 Armour
 - Level 3.6 Shields


You had 4 spell levels left.
You didn't know any spells.
Your spell library contained the following spells:

 Spells                   Type           Power      Damage    Failure   Level
 Sandblast                Erth           0%         2d4       95%         1
 Passwall                 Tmut/Erth      0%         N/A       99%         2
 Confusing Touch          Hex            0%         N/A       100%        3
 Gell's Gravitas          Tloc           0%         N/A       100%        3
 Stone Arrow              Conj/Erth      0%         3d7       100%        3
 Petrify                  Tmut/Erth      0%         N/A       100%        4
 Lee's Rapid Deconstruct  Erth           0%         3d5*      100%        5
 Metabolic Englaciation   Hex/Ice        0%         N/A       100%        5
 Yara's Violent Unravell  Hex/Tmut       0%         3d3       100%        5


Dungeon Overview and Level Annotations

Branches:
Dungeon (3/15)

Altars:
Makhleb
Trog

Shops:
D:3 [


Innate Abilities, Weirdness & Mutations

You have a pair of horns on your head.
You reflexively headbutt those who attack you in melee.


Message History

A frilled lizard is nearby!
A frilled lizard is nearby!
The frilled lizard bites you but does no damage.
You hit the frilled lizard.
You kill the frilled lizard!
No target in view!
No target in view!
The adder hisses angrily.
An adder is nearby!
An adder is nearby!
An adder is nearby!
An adder is nearby!
An adder is nearby!
You closely miss the adder. The adder bites you but does no damage.
You block the adder's attack.
You slash the adder!
You kill the adder!
No target in view!
An ogre is nearby!
An ogre is nearby!
An ogre is nearby!
An ogre is nearby!
An ogre is nearby!
You feel very mighty all of a sudden.
You slash the ogre!
The ogre is heavily wounded.
The ogre hits you with a +0 giant spiked club!
You barely miss the ogre.
The ogre is heavily wounded.
You block the ogre's attack.
You barely miss the ogre. You headbutt the ogre!
The ogre is almost dead.
The ogre hits you with a +0 giant spiked club!!
You are too injured to fight recklessly!
Your shield prevents you from hitting the ogre.
Your headbutt misses the ogre.
The ogre is almost dead.
The ogre hits you with a +0 giant spiked club!!
Ouch! That really hurt!
You die...

##.# #.# #...[.... #..# #.#
#........ #.## ##.# #........
#.# #..# #........ #.# #.##
######..# #.# #.# #..# #.# #.#
#########... ####.## #.#
#......#.... #.....# #@#
#......#.... #.....# #O#
#......#.... #.....# #.#
###...........
#.....####.###.......†#....
###..........................
#........#....PPP..######....
#.#............∩..## #....
##.#..)..##.[..P.P..# #.##.
###..#.....##.........######.#..


You could see an ogre.

Vanquished Creatures
  A hound (D:3)
  Natasha (thrice) (D:3)
  An orc wizard (D:3)
  2 gnolls (D:1)
  4 adders
  An ufetubus (D:2)
  A dart slug (D:1)
  2 orcs (D:3)
  3 endoplasms
  2 giant cockroaches
  5 goblins
  5 hobgoblins (D:1)
  2 jackals (D:2)
  A quokka (D:2)
  8 ball pythons
  4 bats
  5 frilled lizards
  4 kobolds
  4 rats
58 creatures vanquished.

Vanquished Creatures (others)
  3 plants (D:3)
3 creatures vanquished.

Grand Total: 61 creatures vanquished

Notes
Turn   | Place    | Note
-------+----------+-------------------------------------------
     0 | D:1      | siradein the Minotaur Fighter began the quest for the Orb.
     0 | D:1      | Reached XP level 1. HP: 19/19 MP: 0/0
    62 | D:1      | Reached skill level 3 in Long Blades
   179 | D:1      | Reached XP level 2. HP: 16/26 MP: 1/1
   225 | D:1      | Reached skill level 4 in Long Blades
   575 | D:1      | Reached XP level 3. HP: 25/31 MP: 2/2
  1349 | D:2      | Reached skill level 5 in Long Blades
  1471 | D:2      | Reached XP level 4. HP: 39/39 MP: 3/3
  1472 | D:2      | Found a burning altar of Makhleb.
  1595 | D:2      | Found a faded altar of an unknown god.
  2134 | D:3      | Noticed Natasha
  2140 | D:3      | Killed Natasha
  2229 | D:3      | Found Zeobeuh's Antique Armour Boutique.
  2273 | D:3      | Noticed an ogre
  2312 | D:2      | Reached skill level 6 in Long Blades
  2563 | D:3      | Noticed Natasha
  2595 | D:3      | HP: 1/39 [Natasha/magic dart (6)]
  2897 | D:3      | Killed Natasha
  2898 | D:3      | Reached XP level 5. HP: 39/45 MP: 4/4
  3164 | D:3      | Noticed Natasha
  3185 | D:3      | Killed Natasha
  3186 | D:3      | Reached skill level 7 in Long Blades
  3289 | D:3      | Found a bloodstained altar of Trog.
  3405 | D:3      | Mangled by an ogre

Illustrated notes

Levels and vault maps discovered:
D:1:      dpeg_arrival_morbid_curiosity, layout_loops_ring
D:2:      layout_basic, basic_altar, basic_ecumenical_altar
D:3:      layout_rooms, marbit_many_paths, serial_shops,
          nicolae_shop_overgrown_old_shop, serial_bayou_pond_d, uniq_natasha

Skill      XL: |  1  2  3  4  5 |
---------------+----------------+-----
Long Blades    | 3 4 5 6 7 |  7.5
Fighting       | |  3.6
Armour         | |  3.6
Shields        | |  3.6

Action                   |  1- 3 |  4- 6 || total
-------------------------+-------+-------++-------
Melee: Long sword        |    71 |    94 ||   165
       Headbutt          |    10 |    10 ||    20
       Unarmed           |       |     9 ||     9
  Use: Potion            |       |     1 ||     1
Armor: Scale mail        |    12 |       ||    12
       Leather armour    |     6 |    45 ||    51
Dodge: Dodged            |    28 |    37 ||    65
Block: Kite shield       |    46 |    42 ||    88
       Rpst.: Long sword |     9 |    10 ||    19

Table legend: (Time is in decaauts)
 A = Elapsed time spent in this place.
 B = Non-inter-level travel time spent in this place.
 C = Inter-level travel time spent in this place.
 D = Time resting spent in this place.
 E = Time spent auto-exploring this place.
 F = Levels seen in this place.
 G = Mean time per level.
                   A        B        C        D        E       F      G
               +--------+--------+--------+--------+--------+-----+--------+
         Total |   3477 |   3354 |    123 |    464 |   2309 |   3 | 1159.0 |
       Dungeon |   3477 |   3354 |    123 |    464 |   2309 |   3 | 1159.0 |
               +--------+--------+--------+--------+--------+-----+--------+

Top non-repeatable levels by time:
     D:2: 1412 daAuts
     D:1: 1269 daAuts
     D:3: 795 daAuts
